 Dungeon Crawl Stone Soup version 0.19-a0-1589-ge51c82a (webtiles) character file.

70 Ryco the Chopper (level 4, 0/40 HPs)
             Began as a Minotaur Fighter on Sept 16, 2016.
             Slain by Menkaure (2 damage)
             ... on level 3 of the Dungeon.
             The game lasted 00:05:35 (923 turns).

Ryco the Chopper (Minotaur Fighter)                  Turns: 923, Time: 00:05:36

Health: 0/40       AC:  7    Str: 22    XL:     4   Next: 4%
Magic:  3/3        EV: 12    Int:  5    God:
Gold:   90         SH: 10    Dex: 14    Spells: 0 memorised, 3 levels left

rFire  . . .     SeeInvis .     h - +0 hand axe
rCold  . . .     Gourm    +     b - +0 scale mail
rNeg   . . .     Faith    .     c - +0 shield
rPois  .         Spirit   .     (helmet restricted)
rElec  .         Dismiss  .     (no cloak)
rCorr  .         Reflect  .     (no gloves)
MR     .....     Harm     .     (no boots)
Stlth  +......... Rnd*Tele +    m - amulet of the gourmand
                                (no ring)
                                j - ring of teleportation (curse)

@: agile, lethally poisoned (0 -> -6)
A: retaliatory headbutt, horns 2
a: no special abilities


You were on level 3 of the Dungeon.
You were not hungry.

You visited 1 branch of the dungeon, and saw 4 of its levels.

You collected 90 gold pieces.

Inventory:

Hand Weapons
 a - a +0 war axe
 h - a +0 hand axe (weapon)
 o - a +0 trident
Missiles
 g - 19 bolts
Armour
 b - a +0 scale mail (worn)
 c - a +0 shield (worn)
Jewellery
 j - a cursed ring of teleportation (left hand)
 m - an amulet of the gourmand (around neck)
 n - an uncursed amulet of magic regeneration
 p - an uncursed amulet of harm {unknown}
Scrolls
 e - a scroll of immolation
 i - a scroll of enchant weapon
Potions
 d - a potion of might
 k - a potion of agility
Comestibles
 f - 2 bread rations
 l - a meat ration


   Skills:
 + Level 3.9 Fighting
 * Level 4.7 Axes
 + Level 3.9 Armour
 - Level 3.6 Shields


You had 3 spell levels left.
You didn't know any spells.

Dungeon Overview and Level Annotations

Branches:
Dungeon (4/15)
 Temple: D:4-7

Altars:

Annotations:
D:3 Menkaure


Innate Abilities, Weirdness & Mutations

You reflexively headbutt those who attack you in melee.
You have a pair of horns on your head.


Message History

You are more poisoned.
The adder poisons you!
It was a potion of agility.
You feel agile all of a sudden.
You feel sick. The adder bites you.
You hit the adder. You headbutt the adder.
You kill the adder!
You have reached level 4!
You feel stronger.
You feel sick. Menkaure casts a spell at you. Pain shoots through your body!
* * * LOW HITPOINT WARNING * * *
Unknown command.
Okay, then.
Okay, then.
You aren't carrying any items that you can evoke.
Unknown command.
Menkaure hits you.
You die...

#.......# #...# #
####....########...####
####.....#.............
......................
#....................
#.......######...####
##.....## #...# #
##.M.## #...# # ##@##
#...# #.# #...# #.#
######...## # #.#
#.........#.. #.#
#.#.#.#.#.#.# ..#
#.#..........
######.#.#........
#.....<...###.#.#
#.#####..........


You could see Menkaure.

Vanquished Creatures
  An iguana (D:3)
  2 adders
  A dart slug (D:2)
  A leopard gecko (D:2)
  2 giant cockroaches
  5 goblins
  2 hobgoblins
  2 quokkas (D:3)
  A bat (D:2)
  2 frilled lizards
  2 kobolds
  2 rats
23 creatures vanquished.

Notes
Turn   | Place    | Note
-------+----------+-------------------------------------------
     0 | D:1      | Ryco the Minotaur Fighter began the quest for the Orb.
     0 | D:1      | Reached XP level 1. HP: 19/19 MP: 0/0
   116 | D:1      | Reached skill level 3 in Axes
   124 | D:2      | You fall through a shaft!
   188 | D:2      | Reached XP level 2. HP: 26/26 MP: 1/1
   405 | D:3      | Reached skill level 4 in Axes
   405 | D:3      | Reached XP level 3. HP: 6/33 MP: 2/2
   912 | D:4      | Noticed Menkaure
   922 | D:3      | Reached XP level 4. HP: 12/40 MP: 3/3
   922 | D:3      | HP: 2/40 [Menkaure/nerve-wracking pain (9)]
   923 | D:3      | Slain by Menkaure

Vault maps used:
D:1:      dpeg_arrival_morbid_curiosity
D:2:      grunt_temple_overflow_diamond, first_bread
D:3:      ecumenical_altar_1
D:4:      elyvilon_altar_4, uniq_menkaure

Skill      XL: |  1  2 |
---------------+-------+-----
Axes           | 3 4 |  4.7
Fighting       | |  3.9
Armour         | |  3.9
Shields        | |  3.6

Action                   |  1- 3 |  4- 6 || total
-------------------------+-------+-------++-------
Melee: War axe           |     7 |       ||     7
       Hand axe          |    56 |       ||    56
       Headbutt          |    10 |       ||    10
  Use: Scroll            |     4 |       ||     4
       Potion            |     2 |       ||     2
  Eat: Chunk             |     2 |       ||     2
Armor: Scale mail        |    22 |       ||    22
Dodge: Dodged            |    17 |       ||    17
Block: Shield            |    33 |       ||    33
